 Dungeon Crawl Stone Soup version 0.18.1-50-g88ac8fd (webtiles) character file.

4326 Zhenya24pyc the Basher (level 10, -6/70 HPs)
             Began as a Gargoyle Fighter on Oct 7, 2016.
             Was a Follower of Okawaru.
             Shot with an arrow by a centaur (10 damage)
             ... on level 8 of the Dungeon.
             The game lasted 00:18:58 (7764 turns).

Zhenya24pyc the Basher (Gargoyle Fighter)           Turns: 7764, Time: 00:19:00

Health: -6/70      AC: 20    Str: 22    XL:     10   Next: 33%
Magic:  13/13      EV:  7    Int:  9    God:    Okawaru [*.....]
Gold:   368        SH:  9    Dex: 10    Spells: 0 memorised, 9 levels left

rFire  + + .     SeeInvis +     E - +1 whip (elec)
rCold  . . .     Gourm    .     b - +0 scale mail
rNeg   + . .     Faith    .     c - +0 shield
rPois  ∞         Spirit   .     u - +0 helmet
rElec  +         Dismiss  .     x - +1 cloak {+Inv}
rCorr  .         Reflect  .     t - +0 pair of gloves
SustAt +         Harm     .     (no boots)
MR     .....     NoTele   +     C - amulet of magic regeneration
Stlth  ..........               B - ring of see invisible
                                Q - ring of Zin's Fury {SustAt -Tele rF++}

@: not resistant to hostile enchantments, extremely unstealthy
A: blurry vision 2, deterioration 1, negative energy resistance 1, sense
surroundings 1, robust 1, electricity resistance, unbreathing, petrification
resistance, rot immunity, AC +7
a: Heroism, Renounce Religion, Evoke Invisibility


You were on level 8 of the Dungeon.
You worshipped Okawaru.
Okawaru was aware of your devotion.
You were not hungry.

You visited 2 branches of the dungeon, and saw 9 of its levels.

You collected 494 gold pieces.
You spent 126 gold pieces at shops.

Inventory:

Hand Weapons
 E - a +1 whip of electrocution (weapon)
Armour
 b - a +0 scale mail (worn)
 c - a +0 shield (worn)
 t - a +0 pair of gloves (worn)
 u - a +0 helmet (worn)
 x - a +1 cloak of invisibility (worn)
Jewellery
 B - a ring of see invisible (right hand)
 C - an amulet of magic regeneration (around neck)
 O - an uncursed ring of protection from cold
 Q - the ring of Zin's Fury (left hand) {SustAt -Tele rF++}
   (You found it on level 6 of the Dungeon)

   [ring of sustain attributes]

   It sustains your strength, intelligence and dexterity.
   It greatly protects you from fire.
   It prevents most forms of teleportation.
Wands
 l - a wand of digging (13/24)
 v - a wand of random effects (4/48)
 y - a wand of slowing (17/48)
 H - a wand of confusion (8/48)
 I - a wand of acid (7/15)
 L - a wand of lightning (5/15)
Scrolls
 a - a scroll of teleportation
 d - 4 scrolls of identify {unknown}
 e - a scroll of amnesia
 j - 3 scrolls of remove curse {unknown}
 k - 2 scrolls of random uselessness {unknown}
 s - a scroll of magic mapping {unknown}
 F - a scroll of enchant armour {unknown}
 J - a scroll of fear {unknown}
 K - a scroll of acquirement {unknown}
Potions
 g - a potion of cancellation {unknown}
 h - 3 potions of lignification {unknown}
 i - 3 potions of brilliance
 m - 2 potions of berserk rage
 n - 5 potions of curing {unknown}
 o - 2 potions of haste {unknown}
 p - a potion of flight {unknown}
 q - a potion of mutation {unknown}
 r - 2 potions of magic {unknown}
 z - 2 potions of degeneration {unknown}
 A - a potion of invisibility {unknown}
 D - a potion of beneficial mutation {unknown}
 G - 2 potions of agility {unknown}
 M - a potion of cure mutation {unknown}
Comestibles
 f - 4 bread rations
 w - 5 meat rations
 N - 2 fruits


   Skills:
 + Level 8.0 Fighting
 * Level 9.9 Maces & Flails
 + Level 8.5 Armour
 - Level 3.4 Shields
 - Level 4.6 Evocations


You had 9 spell levels left.
You didn't know any spells.

Dungeon Overview and Level Annotations

Branches:
Dungeon (8/15)             Temple (1/1) D:5            Lair (0/8) D:8

Altars:
Cheibriados
Dithmenos
Elyvilon
Fedhas
Gozag
Kikubaaqudgha
Nemelex Xobeh
Okawaru
Pakellas
Ru
Sif Muna
Trog
Xom
Yredelemnul
The Shining One

Shops:
D:4 [=


Innate Abilities, Weirdness & Mutations

You are resistant to torment.
Your stone body is resilient (AC +7).
You are immune to poison.
You resist negative energy.
You are resistant to electric shocks.
You can survive without breathing.
You are immune to petrification.
You are immune to rotting.
Scrolls take you longer to read.
Your body sometimes deteriorates upon taking damage.
You passively map a small area around you.
You are robust (+10% HP).


Message History

* * * LOW HITPOINT WARNING * * *
The elephant tramples you.
* * * LOW HITPOINT WARNING * * *
You hold your ground!
The elephant trunk-slaps you but does no damage.
The centaur shoots an arrow.
The arrow hits you.
* * * LOW HITPOINT WARNING * * *
You see here an arrow.
The centaur shoots an arrow.
You block the arrow.
The centaur shoots an arrow.
The arrow hits you.
* * * LOW HITPOINT WARNING * * *
You see here an arrow.
The centaur shoots an arrow.
The arrow hits you but does no damage.
You see here an arrow.
The centaur shoots an arrow.
The arrow hits you.
* * * LOW HITPOINT WARNING * * *
Things that are here:
an arrow; a spear; an animal skin The centaur shoots an arrow.
The arrow hits you!
You die...

,*#.......#.#.# * ,
**#..<....#.#.# * *
**#....#...>#>#### ,
#..............#*, ≈
*≈#....#.........#* * , * _
+...##.#...(...##.# ,
≈#...##..........#.. ≈ ≈
#>.#####.......(..# #########..#
#@........## *
#..#...##.######(#.##...[.. , ,
#.##..###.# #...t........#c....#*
......##..# #....(.....#.#......
...##.##.####......(...........#
.####...........Y..............#
......##.###......(c..####..,..#.
<.###.#..#............# #.. ....
..# #...##.##...##..### #.###†...


You could see an elephant, a crocodile and a centaur.

Vanquished Creatures
  Pikel (D:5)
  The ghost of HopefulHyena the Poker, an amateur DsFi of Dithmenos (D:4)
  Eustachio (D:6)
  A yak (D:8)
  Grum (D:8)
  A water moccasin (D:5)
  3 orc warriors
  2 sky beasts
  A black bear (D:7)
  2 phantoms (D:6)
  2 ogres
  2 wolves (D:8)
  A crocodile (D:8)
  3 centaurs
  Blork the orc (D:5)
  3 giant frogs
  A scorpion (D:8)
  A howler monkey (D:7)
  5 crimson imps
  A giant frog zombie (D:6)
  6 hounds
  2 centaur skeletons (D:5)
  3 orc priests
  A jelly (D:6)
  7 orc wizards
  2 iguanas
  8 worker ants
  A hound zombie (D:7)
  3 hound skeletons
  Robin (D:3)
  10 adders
  5 gnolls
  A shadow imp (D:8)
  2 oozes (D:1)
  2 adder zombies
  2 adder skeletons
  4 dart slugs
  4 giant geckos
  32 orcs
  A ball python (D:6)
  7 giant cockroaches
  22 goblins
  7 hobgoblins
  17 jackals
  14 kobolds
  3 quokkas
  8 bats
  2 giant newts (D:2)
  A quokka zombie (D:7)
  5 rats
217 creatures vanquished.

Vanquished Creatures (others)
  A human (D:6)
  A scorpion (D:5)
  An orc (D:5)
3 creatures vanquished.

Grand Total: 220 creatures vanquished

Notes
Turn   | Place    | Note
--------------------------------------------------------------
     0 | D:1      | Zhenya24pyc the Gargoyle Fighter began the quest for the Orb.
     0 | D:1      | Reached XP level 1. HP: 14/14 MP: 1/1
   105 | D:1      | Reached XP level 2. HP: 18/19 MP: 2/2
   332 | D:1      | Reached XP level 3. HP: 21/23 MP: 3/3
   798 | D:1      | Reached skill level 3 in Maces & Flails
   798 | D:1      | Reached XP level 4. HP: 28/29 MP: 4/4
  1183 | D:2      | Found a deep blue altar of Sif Muna.
  1208 | D:2      | Found a snail-covered altar of Cheibriados.
  1666 | D:3      | Noticed Robin
  1674 | D:3      | Reached XP level 5. HP: 20/33 MP: 5/5
  1685 | D:3      | HP: 2/49 [goblin/club[Robin] (1)]
  2568 | D:3      | Reached skill level 4 in Maces & Flails
  2745 | D:3      | Reached XP level 6. HP: 39/39 MP: 6/6
  2825 | D:3      | Killed Robin
  3259 | D:4      | Found Vatham Jix's Jewellery Emporium.
  3262 | D:4      | Found Mewuoq's Antique Armour Shop.
  3291 | D:4      | Bought a runed cloak for 126 gold pieces
  3304 | D:4      | Found a blossoming altar of Fedhas.
  3305 | D:4      | Found a basalt altar of Yredelemnul.
  3320 | D:4      | Found Momidd's Armour Shop.
  3491 | D:4      | Reached skill level 5 in Armour
  3491 | D:4      | Reached skill level 1 in Evocations
  3520 | D:4      | Reached skill level 5 in Maces & Flails
  3610 | D:4      | Reached XP level 7. HP: 44/44 MP: 7/7
  3842 | D:4      | Noticed HopefulHyena's ghost (amateur DsFi)
  3922 | D:4      | Killed HopefulHyena's ghost
  3922 | D:4      | Reached skill level 5 in Fighting
  4167 | D:5      | Entered Level 5 of the Dungeon
  4185 | D:5      | Reached skill level 6 in Maces & Flails
  4354 | D:5      | Reached XP level 8. HP: 50/50 MP: 9/9
  4385 | D:5      | Noticed Blork the orc
  4417 | D:5      | Killed Blork the orc
  4503 | D:5      | Found a staircase to the Ecumenical Temple.
  4547 | Temple   | Entered the Ecumenical Temple
  4722 | D:5      | Noticed Pikel
  4754 | D:5      | Killed Pikel
  4754 | D:5      | Reached skill level 7 in Maces & Flails
  4973 | D:5      | Reached XP level 9. HP: 53/55 MP: 11/11
  5703 | D:6      | Found a shadowy altar of Dithmenos.
  5745 | D:6      | Noticed Eustachio
  5772 | D:6      | Killed Eustachio
  5772 | D:6      | Reached skill level 8 in Maces & Flails
  5843 | D:6      | Found a bloodstained altar of Trog.
  5987 | D:6      | Found an ancient bone altar of Kikubaaqudgha.
  6272 | D:6      | Got a slimy lead ring
  6298 | D:6      | Identified the ring of Zin's Fury {SustAt -Tele rF++} (You found it on level 6 of the Dungeon)
  6450 | D:7      | Gained mutation: Scrolls take you a little longer to read. [mutagenic meat]
  6451 | D:7      | Gained mutation: You passively map a small area around you. [mutagenic meat]
  6452 | D:7      | Gained mutation: You are robust (+10% HP). [mutagenic meat]
  6453 | D:7      | Gained mutation: Scrolls take you longer to read. [mutagenic meat]
  6454 | D:7      | Gained mutation: Your body sometimes deteriorates upon taking damage. [mutagenic meat]
  6647 | D:7      | Reached skill level 9 in Maces & Flails
  6661 | D:7      | Reached XP level 10. HP: 22/69 MP: 13/13
  6874 | D:7      | Found an iron altar of Okawaru.
  6940 | D:7      | Became a worshipper of Warmaster Okawaru
  7052 | D:7      | Found a glowing golden altar of the Shining One.
  7231 | D:8      | Noticed Grum
  7268 | D:8      | Killed Grum
  7429 | D:8      | Found an iron altar of Okawaru.
  7475 | D:8      | Reached * piety under Okawaru
  7725 | D:8      | Noticed an elephant
  7764 | D:8      | Shot with an arrow by a centaur

Skill      XL: |  1  2  3  4  5  6  7  8  9 10 |
---------------+-------------------------------+-----
Armour         | 4 5 6 7 8 |  8.5
Maces & Flails | 3 4 5 6 7 9 |  9.9
Fighting       | 4 5 6 7 8 |  8.0
Evocations     | 1 2 3 4 |  4.6
Shields        | |  3.4

Action                   |  1- 3 |  4- 6 |  7- 9 | 10-12 || total
-------------------------+-------+-------+-------+-------++-------
Melee: Flail             |   145 |   244 |       |       ||   389
       Whip              |       |   142 |   492 |   150 ||   784
  Use: Potion            |       |     3 |       |       ||     3
       Scroll            |       |     2 |       |       ||     2
  Eat: Chunk             |       |    10 |    15 |     3 ||    28
       Pizza             |       |       |       |     1 ||     1
Armor: Scale mail        |    77 |   271 |   252 |    83 ||   683
Dodge: Dodged            |    68 |   161 |   131 |    41 ||   401
Block: Shield            |    86 |   263 |   225 |    71 ||   645
